 Dungeon Crawl Stone Soup version 0.31-a0-198-g2ad674f65e (webtiles) character file.

Game seed: 5365370079604212627

72 qw the Shooter (level 4, -3/25 HPs)
             Began as a Deep Elf Hunter on June 25, 2023.
             Slain by a goblin
             ... wielding a +0 club
              (4 damage)
             ... on level 2 of the Dungeon.
             The game lasted 00:00:30 (833 turns).

qw the Shooter (Deep Elf Hunter)                     Turns: 833, Time: 00:00:30

Health: -3/25      AC:  3    Str: 10    XL:     4   Next: 6%
Magic:  6/6        EV: 12    Int: 14    God:
Gold:   83         SH:  0    Dex: 18    Spells: 3/3 levels left

rFire   . . .        Y - +0 shortbow
rCold   . . .        (shield currently unavailable)
rNeg    . . .        c - +0 leather armour
rPois   .            (no helmet)
rElec   .            (no cloak)
rCorr   .            (no gloves)
SInv    .            (no boots)
Will    .....        (no amulet)
Stlth   ++           (no ring)
HPRegen 0.24/turn    (no ring)
MPRegen 0.10/turn

%: no passive effects
@: lethally poisoned (-3 -> -11)
A: no striking features
a: no special abilities


You were on level 2 of the Dungeon.
You visited 1 branch of the dungeon, and saw 2 of its levels.

You collected 83 gold pieces.


   Skills:
 - Level 1.5 Fighting
 + Level 7.5 Ranged Weapons
 - Level 2.4 Dodging
 - Level 1.2 Stealth


You had 3 spell levels left.
You didn't know any spells.
Your spell library was empty.

Inventory:

Hand Weapons
 Y - a +0 shortbow (weapon)
Armour
 c - a +0 leather armour (worn)
 e - a +0 ring mail
Scrolls
 d - 2 scrolls of identify
 g - a scroll of vulnerability {unknown}
Potions
 a - a potion of curing {unknown}
 b - a potion of brilliance {unknown}
 f - a potion of attraction {unknown}
 h - 2 potions of magic {unknown}

Dungeon Overview and Level Annotations

Branches:
Dungeon (2/15)

Altars:


Message History

You hear a shout!
You shoot an arrow. The arrow barely misses the goblin.
The goblin hits you with a +0 club.
You shoot an arrow. The arrow closely misses the goblin.
The goblin hits you with a +0 club.
You shoot an arrow. The arrow closely misses the goblin.
The goblin hits you but does no damage.
You shoot an arrow. The arrow hits the giant cockroach.
The giant cockroach is heavily wounded.
The giant cockroach bites you but does no damage.
You shoot an arrow.
The arrow closely misses the giant cockroach.
You hear a shout!
The giant cockroach bites you. The goblin barely misses you.
You hear a shout! x2
You shoot an arrow.
The arrow hits the giant cockroach but does no damage.
The giant cockroach is heavily wounded.
The giant cockroach closely misses you.
The goblin hits you with a +1 dagger of venom.
You are poisoned.
The goblin hits you but does no damage.
You shoot an arrow.
The arrow barely misses the giant cockroach.
You feel very sick.
The giant cockroach bites you but does no damage.
The goblin hits you with a +1 dagger of venom.
You are lethally poisoned!
The goblin hits you with a +0 club.
You shoot an arrow.
The arrow closely misses the giant cockroach.
You feel very sick. The giant cockroach barely misses you.
The goblin closely misses you.
A gnoll comes into view. It is wielding a +0 spear.
The goblin hits you with a +0 club. The giant cockroach barely misses you.
You shoot an arrow. The arrow hits the giant cockroach.
The giant cockroach is almost dead.
You feel very sick. The goblin misses you. The goblin hits you with a +0 club.
You die...

#.########.#
#.# #.# #.#
#.# #.#
#.#######
#.#
#........
#.#
#########
#.# #.####
#@g..#
#gB..#
g......#
#.........
.?......##
.##....### .
.....# #
##..##


You could see a gnoll, a giant cockroach and 2 goblins.

Vanquished Creatures
  2 adders (D:2)
  A worm (D:2)
  7 endoplasms
  A giant cockroach (D:1)
  6 goblins
  2 hobgoblins (D:1)
  6 jackals
  2 quokkas
  4 ball pythons (D:1)
  4 bats
  2 frilled lizards
  3 kobolds (D:1)
  8 rats
48 creatures vanquished.

Notes
Turn   | Place    | Note
-------+----------+-------------------------------------------
     0 | D:1      | qw the Deep Elf Hunter began the quest for the Orb.
     0 | D:1      | Reached XP level 1. HP: 12/12 MP: 3/3
     0 | D:1      | 0 ||| qw: Version: 0.3-a-22-g0ed2b0b
     0 | D:1      | 0 ||| qw: Game counter: 5129
     0 | D:1      | 0 ||| qw: Melee chars always use a shield: true
     0 | D:1      | 0 ||| qw: God list: Okawaru
     0 | D:1      | 0 ||| qw: Allow faded altars: false
     0 | D:1      | 0 ||| qw: Do Orc after clearing Dungeon:15 true
     0 | D:1      | 0 ||| qw: Do second Lair branch before Depths: true
     0 | D:1      | 0 ||| qw: Lair rune preference: random
     0 | D:1      | 0 ||| qw: Goals: Normal
     0 | D:1      | 0 ||| PLANNING D:1-11
    66 | D:1      | 66 ||| DROPPING scroll of butterflies.
    76 | D:1      | Reached XP level 2. HP: 16/16 MP: 4/4
   111 | D:1      | Reached skill level 6 in Ranged Weapons
   288 | D:1      | Reached XP level 3. HP: 20/20 MP: 5/5
   412 | D:1      | 412 ||| READING scroll labelled TES ADILYBRE.
   413 | D:1      | 413 ||| READING 3 scrolls labelled GIAZAE BYBA.
   414 | D:1      | 414 ||| READING scroll labelled OCLIUF NOKOUJUTA.
   433 | D:2      | Found a faded altar of an unknown god.
   438 | D:2      | 438 ||| STAIRDANCE
   442 | D:1      | Reached skill level 7 in Ranged Weapons
   707 | D:2      | Reached XP level 4. HP: 25/25 MP: 6/6
   832 | D:2      | HP: 6/25 [poisoned by a goblin]
   833 | D:2      | HP: 1/25 [poisoned by a goblin]
   833 | D:2      | Slain by a goblin

Levels and vault maps discovered:
D:1:      eino_arrival_water_cross, layout_rooms
D:2:      layout_loops_ring, basic_ecumenical_altar, minmay_misc_feat_encased,
          chequers_serial_rivers_micro_e

Skill      XL: |  1  2  3 |
---------------+----------+-----
Ranged Weapons | 6 7 |  7.5
Fighting       | |  1.5
Dodging        | |  2.4
Stealth        | |  1.2

Action                     |  1- 3 |  4- 6 || total
---------------------------+-------+-------++-------
   Fire: Shortbow          |   100 |    15 ||   115
    Use: Scroll            |     3 |       ||     3
 Armour: Leather armour    |    10 |     4 ||    14
  Dodge: Dodged            |    19 |     6 ||    25

Table legend:
 A = Non-vault XP
 B = Vault XP
 C = Vault XP percentage of total XP
 D = Non-vault monster count
 E = Vault monster count
 F = Vault count percentage of total count
                 A         B        C        D         E       F
            +---------+---------+-------+---------+---------+-------
      Total |     103 |       0 |   0.0 |      48 |       0 |   0.0
            +---------+---------+-------+---------+---------+-------
        D:1 |      51 |       0 |   0.0 |      32 |       0 |   0.0
        D:2 |      52 |       0 |   0.0 |      16 |       0 |   0.0
            +---------+---------+-------+---------+---------+-------
